 Dungeon Crawl Stone Soup version 0.29.1-1-gd02db6906a (webtiles) character file.

Game seed: 14283843791102236115

4 brains the Ducker (level 1, -3/22 HPs)
             Began as an Ogre Gladiator on Sept 29, 2022.
             Slain by a quokka (4 damage)
             ... on level 1 of the Dungeon.
             The game lasted 00:02:05 (316 turns).

brains the Ducker (Ogre Gladiator)                   Turns: 316, Time: 00:02:06

Health: -3/22      AC:  3    Str: 17    XL:     1   Next: 70%
Magic:  1/1        EV: 10    Int:  9    God:
Gold:   0          SH:  0    Dex: 10    Spells: 0/0 levels left

rFire   . . .      SeeInvis .   a - +0 flail
rCold   . . .      Faith    .   (no shield)
rNeg    . . .      Spirit   .   b - +0 robe
rPois   .          Reflect  .   c - +0 hat
rElec   .          Harm     .   (no cloak)
rCorr   .          Rampage  .   (gloves unavailable)
Will    .....                   (boots unavailable)
Stlth   +.........              (no amulet)
HPRegen 0.07/turn               (no ring)
MPRegen 0.07/turn               (no ring)

@: no status effects
A: large, unfitting armour, tough skin 1
a: no special abilities


You were on level 1 of the Dungeon.
You visited 1 branch of the dungeon, and saw 1 of its levels.

Inventory:

Hand Weapons
 a - a +0 flail (weapon)
 g - a +0 falchion
 h - a +0 short sword
 j - a +0 dagger
 k - a +0 club
Missiles
 d - 3 throwing nets (quivered)
 e - a large rock
 l - 3 stones
Armour
 b - a +0 robe (worn)
 c - a +0 hat (worn)
Scrolls
 f - a scroll of amnesia {unknown}
Potions
 i - a potion of lignification {unknown}


   Skills:
 + Level 2.7 Fighting
 + Level 2.8 Maces & Flails
 + Level 2.0 Throwing
 + Level 2.8 Dodging


You couldn't memorise any spells.
You didn't know any spells.
Your spell library contained the following spells:

 Spells                   Type           Power      Damage    Failure   Level
 Inner Flame              Hex/Fire       0%         N/A       77%         3
 Portal Projectile        Hex/Tloc       0%         N/A       77%         3
 Tukima's Dance           Hex            0%         N/A       77%         3
 Cause Fear               Hex            0%         N/A       99%         4
 Blade Hands              Tmut           0%         N/A       100%        5
 Discord                  Hex            0%         N/A       100%        8


Dungeon Overview and Level Annotations

Branches:
Dungeon (1/15)

Altars:


Innate Abilities, Weirdness & Mutations

You are too large for most types of armour.
You have tough skin. (AC +1)


Message History

A quokka comes into view.
Found a book of Weapons.
A ball python comes into view.
Found a dagger.
Found a stone staircase leading down.
The ball python hisses angrily.
You see here a book of Weapons.
You pick up a book of Weapons and begin reading...
You add the spells Tukima's Dance, Portal Projectile and Blade Hands to your library.
You hit the quokka.
The quokka is lightly wounded.
The quokka bites you. x2
You closely miss the quokka.
The quokka is lightly wounded.
The ball python closely misses you. The quokka bites you.
The ball python bites you but does no damage.
You miss the quokka.
The quokka is lightly wounded.
The quokka bites you.
The ball python bites you but does no damage.
The quokka closely misses you.
You closely miss the quokka.
The quokka is lightly wounded.
The ball python completely misses you. The quokka bites you.
The ball python bites you.
You closely miss the quokka.
The quokka is lightly wounded.
The quokka bites you but does no damage.
The ball python bites you but does no damage.
The quokka bites you.
* * * LOW HITPOINT WARNING * * *
You miss the quokka.
The quokka is lightly wounded.
The ball python bites you.
* * * LOW HITPOINT WARNING * * *
The quokka closely misses you. The ball python bites you.
* * * LOW HITPOINT WARNING * * *
You hit the quokka but do no damage.
The quokka is lightly wounded.
The quokka bites you.
You die...

####### .......## #
........################
......................รท.
........................
........#########...####
......S@.............#..
....[..r###.....###..#.8
......... #### #..#..
........## #.##.#
).......# ..##.#
........# ...#.#
..>...... ...#<#
........# #.# #.#


You could see a quokka and a ball python.

Vanquished Creatures
  A giant cockroach (D:1)
  3 kobolds (D:1)
4 creatures vanquished.

Notes
Turn   | Place    | Note
-------+----------+-------------------------------------------
     0 | D:1      | brains the Ogre Gladiator began the quest for the Orb.
     0 | D:1      | Reached XP level 1. HP: 22/22 MP: 1/1
     5 | D:1      | Noticed an electric eel
    10 | D:1      | Noticed an electric eel
   315 | D:1      | HP: 1/22 [ball python (2)]
   316 | D:1      | Slain by a quokka

Illustrated notes

Levels and vault maps discovered:
D:1:      arrival_aquarium_b, layout_rooms, chequers_jeans,
          dreamdust_princess_bridge

Action                   || total
-------------------------++-------
Melee: Flail             ||    23
Throw: Throwing net      ||     2
Armor: Robe              ||     7
Dodge: Dodged            ||    10
